 Dungeon Crawl Stone Soup version 0.32-a0-918-g0f22ef8d61 (webtiles) character file.

Game seed: 18401802969457422490

62533 dialectric the Tortoise (level 14, -6/129 HPs)
             Began as a Minotaur Fighter on Apr 11, 2024.
             Was the Champion of Ru.
             Mangled by a boulder beetle (30 damage)
             ... on level 14 of the Dungeon.
             The game lasted 00:26:53 (20694 turns).

dialectric the Tortoise (Minotaur Fighter)         Turns: 20694, Time: 00:26:54

Health: -6/129     AC: 27    Str: 28    XL:     14   Next: 64%
Magic:  13/13      EV:  7    Int:  8    God:    Ru [******]
Gold:   1815       SH:  0    Dex: 12    Spells: 13/13 levels left

rFire   + . .        l - +12 hand axe "Lifebane" {freeze, rC+ Int+3}
rCold   + + .        (no shield)
rNeg    . . .        p - +1 plate armour {rF+}
rPois   .            (helmet restricted)
rElec   .            F - +1 cloak
rCorr   .            P - +0 pair of gloves
SInv    .            i - +0 pair of boots
Will    +....        (no amulet) Stlth
                     y - +4 ring of slaying
HPRegen 0.41/turn    K - +6 ring of strength
MPRegen 0.13/turn

%: clarity
@: no status effects
A: horns 2, no stealth, inability to use devices, cowardly, inability to train
dodging, unskilled 1, retaliatory headbutt, no forms, iridescent scales 1,
clarity, cold resistance 1, weak 1
a: Renounce Religion, Draw Out Power, Power Leap, Apocalypse


You were on level 14 of the Dungeon.
You worshipped Ru.
Ru was exalted by your worship.
You visited 3 branches of the dungeon, and saw 21 of its levels.
You also visited: Ossuary.

You collected 1857 gold pieces.
You spent 42 gold pieces at shops.

Inventory:

Hand Weapons
 a - a +5 great mace of protection
 l - the +12 hand axe "Lifebane" (weapon) {freeze, rC+ Int+3}
   (You found it on level 2 of the Dungeon)

   Int+3:     It affects your intelligence (+3).
   rC+:       It protects you from cold.
Missiles
 h - 6 silver javelins
 G - 2 throwing nets
Armour
 c - a +0 buckler
 f - a +1 chain mail of cold resistance
 i - a +0 pair of boots (worn)
 p - a +1 plate armour of fire resistance (worn)
 F - a +1 cloak (worn)
 P - a +0 pair of gloves (worn)
Jewellery
 e - a +6 ring of intelligence
 r - a ring of flight
 x - a ring of wizardry
 y - a +4 ring of slaying (left hand)
 K - a +6 ring of strength (right hand)
 O - a +5 ring of evasion
 Q - a ring of protection from cold
Talismans
 B - a beast talisman
Scrolls
 b - 2 scrolls of teleportation
 j - 5 scrolls of revelation
 n - 5 scrolls of blinking
 s - 2 scrolls of noise
 A - 3 scrolls of identify
 C - 3 scrolls of silence
 D - 4 scrolls of fog
 E - a scroll of butterflies
 I - a scroll of enchant armour
 J - 2 scrolls of poison
 L - 3 scrolls of amnesia
 M - 2 scrolls of enchant weapon
 N - a scroll of immolation
 R - a scroll of fear
 T - a scroll of vulnerability
Potions
 d - a potion of might
 g - 2 potions of mutation
 k - 6 potions of attraction
 m - 10 potions of curing
 o - 3 potions of heal wounds
 q - 5 potions of ambrosia
 t - 10 potions of enlightenment
 u - 4 potions of haste
 v - 6 potions of lignification
 w - a potion of brilliance
 H - 2 potions of berserk rage
 S - a potion of cancellation


   Skills:
 + Level 13.0 Fighting
 + Level 12.4(14.6) Axes
 + Level 12.7(14.7) Maces & Flails
 * Level 17.3 Armour
 + Level 7.6 Shields


You had 13 spell levels left.
You didn't know any spells.
Your spell library contained the following spells:

 Spells                   Type           Power      Damage    Failure   Level
 Apportation              Tloc           0%         N/A       92%         1
 Cigotuvi's Dreadful Rot  Necr/Alch/Air  0%         N/A       98%         2
 Jinxbite                 Hex            0%         N/A       98%         2
 Scorch                   Fire           0%         2d5       98%         2
 Stone Arrow              Conj/Erth      0%         3d7       100%        3
 Teleport Other           Tloc           0%         N/A       100%        3
 Animate Armour           Summ/Erth      0%         N/A       100%        4
 Dispel Undead            Necr           0%         3d6       100%        4
 Flame Wave               Conj/Fire      0%         2d4       100%        4
 Martyr's Knell           Necr/Summ      0%         N/A       100%        4
 Alistair's Intoxication  Alch           0%         N/A       100%        5
 Dispersal                Tloc           0%         N/A       100%        6
 Gell's Gavotte           Tloc           0%         2d(11-16) 100%        6
 Summon Cactus Giant      Summ           0%         N/A       100%        6
 Lehudib's Crystal Spear  Conj/Erth      0%         10d2      100%        8


Dungeon Overview and Level Annotations

Branches:
Dungeon (14/15)            Temple (0/1) D:5            Lair (5/5) D:10
  Swamp (0/4) Lair:2        Snake (0/4) Lair:2        Slime (0/5) Lair:5
    Orc (2/2) D:12         Vaults (0/5) D:14        Ossuary (visited)
    Elf: Orc:2

Altars:
Elyvilon
Okawaru
Ru
Uskayaw
Xom
Jiyva

Shops:
D:7 *   D:13 :

Annotations:
D:9 Erica


Innate Abilities, Weirdness & Mutations

You have a pair of horns on your head.
You cannot be stealthy.
You cannot study or use magical devices.
Your cowardice makes you less effective in combat with threatening foes.
You cannot train Dodging skill.
You are somewhat unskilled. (-1 Apt)
You reflexively headbutt those who attack you in melee.
You cannot voluntarily change form.
You are partially covered in iridescent scales. (AC +2)
You possess an exceptional clarity of mind.
Your flesh is cold resistant. (rC+)
You are weak. (Str -2)


Message History

The vault guard hits you but does no damage. x2
Monsters!
Monsters everywhere!
You have to get out of here!
Unknown command.
Unknown command.
You barely miss the vault guard. You headbutt the vault guard!
The vault guard is heavily wounded.
You hit the vault guard but do no damage.
You slash the vault guard! You freeze the vault guard.
The vault guard hits you with a +0 long sword!
* * * LOW HITPOINT WARNING * * *
Unknown command.
Unknown command.
Unknown command.
Your surroundings suddenly seem different.
Unknown command.
You open the door.
A boulder beetle comes into view.
The boulder beetle begins to attack, but is stunned by your conviction!
Found a tin of tremorstones (2/2).
The boulder beetle leaps!
There is an open door here.
You close the door.
Throw: 2 darts (atropa)
Press: ? - help, Q - select action, (/) - cycle Shift-Dir - straight line, f - boulder beetle
Aim: a boulder beetle (91% to hit, chance to blind on hit: 3%)
You throw an atropa-tipped dart.
The atropa-tipped dart barely misses the boulder beetle.
Unknown command.
Unknown command.
Throw: dart (atropa)
Press: ? - help, Q - select action, (/) - cycle Shift-Dir - straight line, f/p - boulder beetle
Aim: a boulder beetle (91% to hit, chance to blind on hit: 3%)
You throw an atropa-tipped dart.
The atropa-tipped dart hits the boulder beetle.
The boulder beetle resists.
The boulder beetle curls into a ball and begins rolling!
Unknown command.
The boulder beetle hits you!!
You die...
Ru respects your ultimate sacrifice.

....# ... ...# ..
..## .# ..## ###+##
##.# ...##
#.....####..#
....##.#...#.##...###
F....#..$....#......#
J....'...∩...+......#
#....#....?..#..@..##
#...##.#...#.##.B..#
#..####.....####.○}#
#.## ###+## ##(.# ..#
.## ... .. ... ... #
.#.


You could see a boulder beetle (rolling).

Vanquished Creatures
  Josephine (D:10)
  Harold (D:11)
  3 hydras
  4 two-headed ogres
  3 centaur warriors
  A boulder beetle (D:12)
  A tengu warrior (D:13)
  An orc high priest (D:12)
  4 death yaks (Lair:4)
  Urug (D:11)
  A fire crab (Lair:5)
  A skyshark (Lair:5)
  A goliath frog (Lair:5)
  An arcanist (D:13)
  2 deep elf pyromancers (D:12)
  4 ugly things
  2 manticores
  A cyclops (D:9)
  3 elephants (Lair:5)
  Joseph (D:9)
  5 black mambas
  2 kobold blastminers
  A gargoyle (D:13)
  A torpor snail (Lair:5)
  3 rime drakes
  22 cane toads
  9 komodo dragons
  4 trolls
  3 tyrant leeches (Lair:5)
  A polar bear (Lair:5)
  2 hornets
  38 blink frogs
  Grinder (D:4)
  3 slime creatures (D:12)
  A spriggan (shapeshifter) (D:13)
  A shadow (D:7)
  A vampire (D:12)
  5 wraiths (D:10)
  44 yaks
  6 wyverns
  Grum (D:11)
  2 humans (D:12)
  12 basilisks
  Menkaure (D:5)
  A warg (D:12)
  12 vampire mosquitoes
  3 steam dragons
  5 nagas (Lair:2)
  11 water moccasins
  Duvessa (D:4)
  10 orc warriors
  4 ice beasts
  3 black bears (D:7)
  2 sky beasts
  4 ogres
  13 wolves
  8 centaurs
  3 phantoms
  22 bullfrogs
  3 kobold brigands
  A gnoll sergeant (D:7)
  4 scorpions (D:5)
  A burial acolyte (Ossuary)
  A water moccasin zombie (Ossuary)
  8 wights
  Dowan (D:4)
  3 killer bees (D:9)
  5 howler monkeys
  2 electric eels
  2 hounds
  2 bombardier beetles
  4 jellies (Lair:5)
  A gnoll bouda (D:5)
  9 orc priests
  4 sleepcaps
  A spectral scorpion (Ossuary)
  Jessica (D:3)
  6 iguanas
  23 orc wizards
  2 crocodile zombies (Ossuary)
  2 mummies (Ossuary)
  7 adders
  12 gnolls
  A shadow imp (D:8)
  2 white imps
  A dart slug (D:4)
  55 orcs
  5 ball pythons
  5 endoplasms
  3 giant cockroaches
  10 goblins
  5 hobgoblins
  6 jackals
  6 quokkas
  3 bats
  4 frilled lizards
  9 gnoll zombies (Ossuary)
  6 jackal zombies (Ossuary)
  27 kobolds
  5 orc zombies (Ossuary)
  8 rats
574 creatures vanquished.

Vanquished Creatures (others)
  An eleionoma (Lair:2)
  A gargoyle (D:12)
  A swamp drake (D:10)
  An orc wizard (D:9)
  An orc (Orc:1)
5 creatures vanquished.

Grand Total: 579 creatures vanquished

Notes
Turn   | Place    | Note
-------+----------+-------------------------------------------
     0 | D:1      | dialectric the Minotaur Fighter began the quest for the
                  | Orb.
     0 | D:1      | Reached XP level 1. HP: 19/19 MP: 0/0
   298 | D:1      | Reached XP level 2. HP: 24/27 MP: 1/1
   310 | D:1      | Reached skill level 1 in Dodging
   439 | D:1      | Reached skill level 4 in Armour
   944 | D:2      | Reached XP level 3. HP: 32/33 MP: 2/2
   949 | D:2      | You fall into a shaft and drop 1 floor!
  1043 | D:3      | Found a faded altar of an unknown god.
  1054 | D:3      | Prayed at the altar of an unknown god.
  1054 | D:3      | Became a worshipper of Ru the Awakened
  1106 | D:2      | Gained mutation: You cannot be stealthy. [Ru sacrifice]
  1148 | D:2      | Identified the +12 hand axe "Lifebane" {freeze, rC+ Int+3}
  1696 | D:3      | Noticed Jessica
  1700 | D:3      | Killed Jessica
  1701 | D:3      | Reached skill level 1 in Axes
  1701 | D:3      | Reached XP level 4. HP: 29/40 MP: 3/3
  2247 | D:4      | Noticed Grinder
  2253 | D:4      | Killed Grinder
  2254 | D:4      | Reached XP level 5. HP: 37/47 MP: 4/4
  2254 | D:4      | Reached XP level 6. HP: 43/55 MP: 5/5
  2326 | D:4      | Found a sand-covered staircase.
  2349 | D:4      | Reached skill level 5 in Fighting
  2494 | Ossuary  | Entered an ossuary
  2541 | Ossuary  | Reached skill level 5 in Armour
  2617 | Ossuary  | Reached XP level 7. HP: 61/61 MP: 6/6
  2816 | D:4      | Noticed Dowan
  2820 | D:4      | Noticed Duvessa
  2822 | D:4      | Killed Dowan
  2827 | D:4      | Killed Duvessa
  2846 | D:4      | Reached skill level 5 in Dodging
  2904 | D:4      | Found a hide-covered altar of Uskayaw.
  3365 | D:5      | Entered Level 5 of the Dungeon
  3369 | D:5      | Reached skill level 5 in Maces & Flails
  3369 | D:5      | Noticed Menkaure
  3378 | D:5      | Killed Menkaure
  3379 | D:5      | Reached skill level 6 in Armour
  3466 | D:5      | Gained mutation: You cannot train Dodging skill. [Ru
                  | sacrifice]
  3466 | D:5      | Reached * piety under Ru
  3466 | D:5      | Reached ** piety under Ru
  3553 | D:5      | Reached XP level 8. HP: 62/70 MP: 7/7
  3785 | D:5      | Reached skill level 7 in Armour
  4046 | D:5      | Reached skill level 5 in Axes
  4084 | D:5      | Found a staircase to the Ecumenical Temple.
  4198 | D:5      | Reached skill level 8 in Armour
  4519 | D:5      | Reached XP level 9. HP: 79/79 MP: 8/8
  5046 | D:6      | Reached skill level 9 in Armour
  5409 | D:6      | Gained mutation: You cannot voluntarily change form. [Ru
                  | sacrifice]
  5939 | D:7      | Reached skill level 10 in Armour
  6213 | D:7      | Found Uduale's General Store.
  6222 | D:7      | Bought a scroll of teleportation for 42 gold pieces
  6431 | D:7      | Reached XP level 10. HP: 83/90 MP: 9/9
  7079 | D:8      | Reached skill level 11 in Armour
  7858 | D:9      | Gained mutation: You cannot study or use magical devices.
                  | [Ru sacrifice]
  7858 | D:9      | Reached *** piety under Ru
  7858 | D:9      | Reached **** piety under Ru
  8026 | D:9      | Noticed Joseph
  8039 | D:9      | Killed Joseph
  8209 | D:9      | Reached skill level 12 in Armour
  8318 | D:9      | Noticed Erica
  8658 | D:9      | Noticed a cyclops
  8662 | D:9      | Killed a cyclops
  8860 | D:10     | Entered Level 10 of the Dungeon
  8871 | D:10     | Reached XP level 11. HP: 84/99 MP: 10/10
  9115 | D:10     | Found a white marble altar of Elyvilon.
  9188 | D:10     | Reached skill level 10 in Fighting
  9209 | D:10     | Identified a scroll of acquirement
  9217 | D:10     | Acquired a +5 great mace of protection
  9328 | D:10     | Noticed Josephine
  9345 | D:10     | Killed Josephine
  9346 | D:10     | Reached skill level 13 in Armour
  9359 | D:10     | Reached skill level 10 in Maces & Flails
 10054 | D:10     | Found a staircase to the Lair.
 10347 | D:11     | Noticed Urug
 10347 | D:11     | Noticed a red ugly thing
 10349 | D:11     | Noticed a red ugly thing
 10353 | D:11     | Killed a red ugly thing
 10358 | D:11     | Killed Urug
 10367 | D:11     | Killed a red ugly thing
 10368 | D:11     | Reached skill level 14 in Armour
 10476 | D:11     | Gained mutation: You are somewhat unskilled. (-1 Apt) [Ru
                  | sacrifice]
 10476 | D:11     | Reduced skill Armour to level 12
 10476 | D:11     | Reached ***** piety under Ru
 10562 | D:11     | Gained mutation: You are frail. (-10% HP) [potion of
                  | mutation]
 10562 | D:11     | Gained mutation: You possess an exceptional clarity of
                  | mind. [potion of mutation]
 10563 | D:11     | Lost mutation: You are frail. (-10% HP) [potion of
                  | mutation]
 10563 | D:11     | Lost mutation: You possess an exceptional clarity of mind.
                  | [potion of mutation]
 10563 | D:11     | Gained mutation: You possess an exceptional clarity of
                  | mind. [potion of mutation]
 10563 | D:11     | Gained mutation: Your flesh is cold resistant. (rC+)
                  | [potion of mutation]
 10563 | D:11     | Gained mutation: You are weak. (Str -2) [potion of
                  | mutation]
 10563 | D:11     | Gained mutation: You are partially covered in iridescent
                  | scales. (AC +2) [potion of mutation]
 10607 | D:11     | Noticed Grum
 10607 | D:11     | Noticed Harold
 10616 | D:11     | Reached skill level 10 in Fighting
 10617 | D:11     | Reached skill level 13 in Armour
 10624 | D:11     | Killed Harold
 10628 | D:11     | Killed Grum
 10886 | D:11     | Noticed a two-headed ogre
 10891 | D:11     | Killed a two-headed ogre
 11161 | D:12     | Noticed a deep elf pyromancer
 11168 | D:12     | Killed a deep elf pyromancer
 11169 | D:12     | Reached XP level 12. HP: 104/106 MP: 11/11
 11189 | D:12     | Noticed a two-headed ogre
 11194 | D:12     | Killed a two-headed ogre
 11195 | D:12     | Reached skill level 10 in Maces & Flails
 11404 | D:12     | Found an iron altar of Okawaru.
 11692 | D:12     | Noticed a two-headed ogre
 11699 | D:12     | Killed a two-headed ogre
 11904 | D:12     | Found a staircase to the Orcish Mines.
 11972 | D:12     | Noticed a boulder beetle
 11980 | D:12     | Killed a boulder beetle
 11981 | D:12     | Reached skill level 14 in Armour
 12252 | Orc:1    | Entered Level 1 of the Orcish Mines
 12253 | Orc:1    | Noticed an orc high priest
 12419 | D:12     | Killed an orc high priest
 12420 | D:12     | Reached skill level 10 in Axes
 12744 | Orc:2    | Entered Level 2 of the Orcish Mines
 12923 | Lair:1   | Entered Level 1 of the Lair of Beasts
 13927 | Lair:2   | Found a staircase to the Swamp.
 13927 | Lair:2   | Noticed an eleionoma
 13941 | Lair:2   | Killed an eleionoma
 14037 | Lair:2   | Reached XP level 13. HP: 22/116 MP: 12/12
 14044 | Lair:2   | Reached skill level 15 in Armour
 14399 | Lair:2   | Found a staircase to the Snake Pit.
 14444 | Lair:2   | Found a shimmering altar of Xom.
 15284 | Lair:3   | Reached skill level 5 in Shields
 16472 | D:13     | Found Vazxucie's Book Shoppe.
 17233 | Lair:4   | Reached skill level 16 in Armour
 17438 | Lair:4   | Gained mutation: Your cowardice makes you less effective in
                  | combat with threatening foes. [Ru sacrifice]
 17438 | Lair:4   | Reached ****** piety under Ru
 17934 | Lair:5   | Entered Level 5 of the Lair of Beasts
 17953 | Lair:5   | Reached XP level 14. HP: 126/126 MP: 13/13
 17998 | Lair:4   | HP: 5/127 [cane toad (14)]
 19121 | Lair:5   | Reached skill level 17 in Armour
 19647 | Lair:5   | Found a viscous altar of Jiyva.
 19654 | Lair:5   | Found a staircase to the Slime Pits.
 20654 | D:14     | Found a gate to the Vaults.
 20694 | D:14     | Mangled by a boulder beetle

Illustrated notes

Levels and vault maps discovered:
D:1:      amcnicky_arrival_flooded_fountain, layout_basic
D:2:      layout_loops_ring, chequers_serial_rivers_small_b
D:3:      layout_loops_ring, dreamdust_ecumenical_altar_statues, uniq_jessica
D:4:      layout_basic, lemuel_crystal_altar, serial_forest,
          infiniplex_forest_lined_room_3, infiniplex_forest_zigzag_1,
          infiniplex_forest_end_2, infiniplex_forest_zigzag_2,
          infiniplex_forest_clump_diagonal, infiniplex_forest_lined_room_2,
          enter_ossuary_5, minivault_5, kennysheep_generic_room_10,
          uniq_duvessa, uniq_grinder
D:5:      minmay_opposing_rooms, layout_basic, minmay_temple_entry_arrows,
          uniq_menkaure
D:6:      layout_basic, serial_co_window_serial, co_window_paths_b,
          co_window_corner_a, co_window_paths_a, co_window_corner_a,
          co_window_paths_a, co_window_paths_b, co_window_cross_1,
          co_window_corner_ca, co_window_of_opportunity_b,
          co_window_unsneaky_path_c, co_window_cross_3, co_window_4corner_b,
          co_window_sun, glass_columns_b, glass_columns_b, glass_columns_b
D:7:      black_bear_nest_2, layout_cave_pods, serial_shops,
          nicolae_shop_statue_plus, minmay_a_box_with_orc_wizards_in_it
D:8:      layout_rooms
D:9:      layout_basic, uniq_erica, uniq_joseph
D:10:     layout_basic, mainiacjoe_overflow_cross_hatched, erik_lair_dragon,
          fungi_pond_lemuel, nicolae_titane, uniq_josephine
D:11:     layout_basic, uniq_urug, uniq_grum, uniq_harold
D:12:     layout_long_grid, orc_0_dummy, okawaru_humans
D:13:     layout_cross, serial_shops, nicolae_shop_crystal,
          lightli_corner_chamber
D:14:     layout_long_grid, lightli_vaults_fourway_checkpoint,
          kennysheep_decorative_pillar, fedhas_altar_4, uniq_louise
Lair:1:   layout_regular_city, serial_bayou_shore_a, grunt_megastairs_4
Lair:2:   layout_loops_ring, alex1729_swamp_entry_worm_eleionoma,
          minmay_snake_entry_guardpost_medium, basic_altar
Lair:3:   layout_big_grid, hangedman_lair_unloving_vines,
          pdpol_lair_cabin_in_the_woods, grunt_megastairs_3,
          lemuel_fruit_fields, lemuel_fruit_tree
Lair:4:   layout_gridlike
Lair:5:   minmay_lair_end_frog_pond, layout_hall_layers,
          nicolae_slime_entry_field_trip
Orc:1:    layout_caves
Orc:2:    grunt_orc_gardens, layout_caves, grunt_orc_garden, grunt_orc_garden,
          grunt_orc_garden, grunt_orc_garden, basic_altar, uniq_rupert

Skill      XL: |  1  2  3  4  5  6  7  8  9 10 11 12 13 14 |
---------------+-------------------------------------------+-----
Dodging        | 1 2 3 4 0 |  0.0
Armour         | 4 5 6 8 10 12 13 14 16 17 | 17.3
Fighting       | 4 5 7 8 9 10 11 12 13 | 13.0
Maces & Flails | 3 4 5 6 8 9 9 11 12 | 12.7
Axes           | 1 2 4 5 7 8 9 10 11 12 | 12.4
Shields        | 4 6 7 |  7.6

Action                     |  1- 3 |  4- 6 |  7- 9 | 10-12 | 13-15 || total
---------------------------+-------+-------+-------+-------+-------++-------
  Melee: Flail             |    55 |       |       |       |       ||    55
         Headbutt          |     5 |    13 |    36 |    92 |   113 ||   259
         Hand axe          |    21 |    69 |   192 |   441 |   436 ||  1159
  Throw: Javelin           |       |       |       |       |     4 ||     4
         Dart              |       |       |       |       |     2 ||     2
 Invoke: Sacrifice Stealth |     1 |       |       |       |       ||     1
         Sacrifice Nimblen |       |       |     1 |       |       ||     1
         Sacrifice Forms   |       |       |     1 |       |       ||     1
         Sacrifice Artific |       |       |       |     1 |       ||     1
         Sacrifice Skill   |       |       |       |     1 |       ||     1
         Sacrifice Courage |       |       |       |       |     1 ||     1
    Use: Scroll            |       |       |     6 |    17 |     8 ||    31
         Potion            |       |       |     1 |     4 |       ||     5
   Stab: Invisible         |       |       |       |     3 |     1 ||     4
         Paralysed         |       |       |       |     5 |     5 ||    10
         Distracted        |       |       |       |     1 |       ||     1
 Armour: Scale mail        |    22 |       |       |       |       ||    22
         Chain mail        |    46 |    34 |    71 |       |       ||   151
         Plate armour      |       |       |   115 |   428 |   417 ||   960
  Dodge: Dodged            |    28 |    34 |    73 |   128 |   125 ||   388

Table legend: (Time is in decaauts)
 A = Elapsed time spent in this place.
 B = Non-inter-level travel time spent in this place.
 C = Inter-level travel time spent in this place.
 D = Time resting spent in this place.
 E = Time spent auto-exploring this place.
 F = Levels seen in this place.
 G = Mean time per level.
                   A        B        C        D        E       F      G
               +--------+--------+--------+--------+--------+-----+--------+
         Total |  20530 |  19380 |   1150 |   2260 |  13683 |  22 |  933.2 |
       Dungeon |  13581 |  12716 |    865 |   1225 |   9331 |  14 |  970.1 |
          Lair |   6276 |   5993 |    283 |    789 |   4149 |   5 | 1255.2 |
  Orcish Mines |    471 |    469 |      2 |    246 |     95 |   2 |  235.5 |
       Ossuary |    201 |    201 |      0 |      0 |    107 |   1 |  201.0 |
               +--------+--------+--------+--------+--------+-----+--------+

Top non-repeatable levels by time:
  Lair:5: 1789 daAuts
    D:10: 1778 daAuts
     D:6: 1476 daAuts
  Lair:4: 1342 daAuts
     D:5: 1281 daAuts
  Lair:2: 1280 daAuts
    D:12: 1279 daAuts
     D:9: 1119 daAuts
    D:11: 995 daAuts
     D:4: 953 daAuts
     D:1: 941 daAuts
  Lair:3: 938 daAuts
  Lair:1: 925 daAuts
     D:7: 920 daAuts
    D:13: 780 daAuts
